AoeStats
← ignacio.dropp

Lombardia

510219106Analyzed
4v4 RM · 3d ago on Sep 30, 2026· 63m 55s· 8 players
Game mode
Random Map
Map size
Large (8 player)
Population
200
Speed
Normal
Resources
Standard
Victory
Conquest
Starting age
Dark Age
Ending age
Imperial Age
RankedLock teamsTeams togetherTeam positionsShared explorationLock speedFull tech treeHidden civsTurbo modeCheats
Victory
Defeat
🇧🇷 Hindustanis · Brazil
1020
+18
🇩🇪 Shu · Germany
989
+19
🇺🇸 Franks · United States
984
+19
🇨🇴 Persians · Colombia
961
+20
🇨🇱 Wei · Chile
1118
-22
🇨🇱 Byzantines · Chile
1090
-20
🇨🇱 Berbers · Chile
1031
-18
🇨🇱 Huns · Chile
973
-16
Tower
9:45 Loom
15:33 Feudal Age
18:06 Horse Collar
18:19 Double-Bit Axe
21:13 Castle Age
20:47 Gold Mining
23:00 Heavy Plow
23:19 Bloodlines
23:09 Husbandry
23:16 Scale Barding Armor
23:22 Forging
28:24 Wheelbarrow
32:04 Imperial Age
32:41 Heavy Camel Rider
34:28 Imperial Camel Rider
35:29 Chain Barding Armor
39:01 Plate Barding Armor
39:02 Iron Casting
39:33 Conscription
39:14 Shatagni
40:48 Grand Trunk Road
40:48 Fletching
42:13 Bow Saw
42:39 Caravan
44:31 Elite Ghulam
45:14 Squires
45:00 Arson
45:12 Bodkin Arrow
46:19 Blast Furnace
45:19 Scale Mail Armor
50:46 Chain Mail Armor
50:33 Bracer
56:15 Padded Archer Armor
57:27 Chemistry
56:39 Fortified Wall
61:17 Light Cavalry
oscarivanrt1
6:00 Loom
10:39 Feudal Age
12:23 Wheelbarrow
11:34 Town Watch
12:57 Horse Collar
15:30 Double-Bit Axe
19:35 Castle Age
20:22 Hand Cart
24:35 Bow Saw
29:03 Heavy Plow
30:46 Gold Mining
30:46 Stone Mining
31:45 Stone Mining
35:49 Imperial Age
34:56 Gold Shaft Mining
34:56 Stone Shaft Mining
35:58 Stone Shaft Mining
36:53 Bloodlines
36:44 Husbandry
36:05 Heavy Camel Rider
39:13 Two-Man Saw
38:50 Crop Rotation
38:19 Elite War Elephant
41:27 Chemistry
40:48 Ballistics
40:32 Kamandaran
40:55 Thumb Ring
40:10 Elite Skirmisher
40:11 Crossbowman
42:46 Scale Barding Armor
42:52 Forging
46:00 Chain Barding Armor
55:51 Cavalier
UnleashHeck
0:36 Loom
11:47 Feudal Age
12:13 Double-Bit Axe
20:42 Castle Age
19:00 Forging
19:17 Scale Barding Armor
20:23 Gold Mining
21:58 Husbandry
22:47 Chain Barding Armor
22:58 Stone Mining
23:46 Caravan
26:48 Iron Casting
28:30 Gold Shaft Mining
34:11 Imperial Age
33:01 Fletching
32:57 Ordonnance Companies
34:57 Cavalier
36:12 Conscription
38:21 Wheelbarrow
37:35 Town Watch
38:40 Bow Saw
37:57 Elite Throwing Axeman
39:51 Plate Barding Armor
40:06 Chivalry
41:36 Bodkin Arrow
42:43 Blast Furnace
42:05 Hand Cart
44:48 Hoardings
45:36 Paladin
51:24 Light Cavalry
55:10 Padded Archer Armor
59:23 Capped Ram
61:20 Chemistry
PezMaza
2:39 Loom
10:16 Feudal Age
14:59 Town Watch
17:42 Castle Age
15:58 Double-Bit Axe
17:28 Wheelbarrow
17:18 Horse Collar
18:39 Heavy Plow
18:52 Bow Saw
20:32 Hand Cart
28:44 Treadmill Crane
29:34 Town Patrol
30:12 Fortified Wall
29:58 Murder Holes
32:58 Imperial Age
31:23 Coiled Serpent Array
32:56 Forging
32:52 Scale Barding Armor
32:48 Scale Mail Armor
32:48 Padded Archer Armor
32:39 Fletching
33:12 Ballistics
32:48 Gold Mining
32:49 Stone Mining
34:49 Two-Man Saw
35:04 Chain Barding Armor
35:51 Chemistry
35:49 Siege Engineers
36:32 Conscription
35:44 Elite White Feather Guard
37:20 Caravan
37:51 Coinage
37:35 Guilds
38:39 Hoardings
38:40 Chain Mail Armor
38:21 Bodkin Arrow
39:10 Gold Shaft Mining
39:38 Bolt Magazine
42:48 Plate Mail Armor
42:19 Bracer
42:35 Leather Archer Armor
63:19 Banking
Autopawn
6:43 Loom
11:02 Feudal Age
15:21 Double-Bit Axe
24:37 Castle Age
23:32 Scale Barding Armor
24:03 Forging
26:17 Husbandry
26:18 Horse Collar
28:05 Scale Mail Armor
28:51 Bow Saw
29:22 Squires
30:03 Iron Casting
30:25 Gold Mining
31:43 Wheelbarrow
36:46 Imperial Age
34:33 Hand Cart
34:54 Chain Barding Armor
35:29 Heavy Plow
36:03 Chain Mail Armor
36:59 Heavy Camel Rider
38:48 Plate Barding Armor
40:03 Gold Shaft Mining
39:20 Pikeman
39:23 Elite Varangian Guard
41:54 Two-Man Saw
40:42 Halberdier
42:53 Plate Mail Armor
42:42 Gambesons
42:41 Crossbowman
45:54 Greek Fire
47:35 Chemistry
46:56 Ballistics
47:13 Conscription
47:48 Arson
49:31 Capped Ram
50:39 Fortified Wall
54:05 Bombard Tower
57:11 Crop Rotation
58:09 Light Cavalry
ignacio.dropp
2:52 Loom
11:51 Feudal Age
12:28 Double-Bit Axe
12:36 Stone Mining
12:37 Gold Mining
12:32 Horse Collar
20:12 Castle Age
20:41 Scale Barding Armor
21:33 Heavy Plow
22:26 Chain Barding Armor
23:30 Wheelbarrow
23:03 Marauders
24:29 Bow Saw
26:30 Bloodlines
26:21 Husbandry
29:57 Padded Archer Armor
34:03 Imperial Age
35:31 Plate Barding Armor
35:17 Hand Cart
39:35 Ballistics
39:22 Heavy Cavalry Archer
40:58 Leather Archer Armor
40:34 Fletching
41:30 Parthian Tactics
45:24 Bodkin Arrow
48:08 Elite Tarkan
56:11 Light Cavalry
57:52 Hussar
alfredoruninm
7:21 Loom
10:56 Feudal Age
14:55 Castle Age
13:20 Double-Bit Axe
13:17 Horse Collar
16:15 Bow Saw
16:15 Scale Barding Armor
19:46 Gold Mining
19:59 Heavy Plow
20:52 Stone Mining
22:14 Forging
22:17 Bloodlines
23:02 Husbandry
24:29 Iron Casting
23:39 Light Cavalry
26:03 Chain Barding Armor
28:43 Wheelbarrow
30:01 Hand Cart
30:08 Town Watch
31:15 Gold Shaft Mining
33:39 Imperial Age
31:54 Stone Shaft Mining
31:12 Fletching
32:09 Town Patrol
32:45 Tuntian
33:57 Bodkin Arrow
34:04 Padded Archer Armor
34:10 Elite Genitour
34:56 Thumb Ring
34:55 Bracer
35:25 Ming Guang Armor
35:21 Conscription
36:41 Parthian Tactics
39:36 Elite Tiger Cavalry
45:10 Ballistics
45:51 Chemistry
47:10 Leather Archer Armor
47:56 Blast Furnace
48:49 Ring Archer Armor
51:24 Pikeman
52:05 Squires
51:51 Arson
53:31 Heavy Hei Guang Cavalry
56:02 Masonry
55:48 Murder Holes
58:20 Hoardings
57:25 Light Cavalry
58:56 Hussar
gabrieloresp
11:28 Feudal Age
15:20 Castle Age
13:29 Double-Bit Axe
15:46 Loom
17:02 Padded Archer Armor
19:30 Fletching
21:26 Bodkin Arrow
24:45 Leather Archer Armor
27:39 Wheelbarrow
27:18 Gold Mining
28:36 Ballistics
29:25 Bow Saw
29:48 Horse Collar
34:45 Imperial Age
32:36 Heavy Plow
33:55 Hand Cart
35:51 Conscription
35:46 Kasbah
36:17 Elite Camel Archer
37:53 Hoardings
37:44 Bloodlines
37:35 Husbandry
37:49 Bracer
38:21 Ring Archer Armor
38:37 Crop Rotation
40:47 Maghrebi Camels
44:56 Thumb Ring
46:46 Chemistry
63:03 Scale Barding Armor
Connection lost

Rejoining the realm…

Still unreachable

The connection could not be restored.

Session expired

The server has moved on; the page needs a fresh start.